 Dungeon Crawl Stone Soup version 0.30-a0-591-g3c58d2bc28 (webtiles) character file.

Game seed: 9516295600683442965

105 Leeroy the Slasher (level 4, -1/26 HPs)
             Began as a Tengu Reaver on Jan 4, 2023.
             Killed from afar by an orc wizard (10 damage)
             ... with a puff of flame
             ... on level 3 of the Dungeon.
             The game lasted 00:05:13 (2039 turns).

Leeroy the Slasher (Tengu Reaver)                   Turns: 2039, Time: 00:05:14

Health: -1/26      AC:  3    Str: 12    XL:     4   Next: 83%
Magic:  8/9        EV: 12    Int: 16    God:
Gold:   161        SH:  0    Dex: 12    Spells: 2/8 levels left

rFire   . . .      SeeInvis .    a - +0 falchion
rCold   . . .      Faith    .    (no shield)
rNeg    . . .      Spirit   .    b - +0 leather armour
rPois   .          Reflect  .    (helmet restricted)
rElec   .          Harm     .    (no cloak)
rCorr   .          Rampage  .    (no gloves)
Will    .....                    (boots unavailable)
Stlth   +                        (no amulet)
HPRegen 0.24/turn                (no ring)
MPRegen 0.11/turn                (no ring)

@: no status effects
A: beak, talons 3
a: no special abilities


You were on level 3 of the Dungeon.
You visited 1 branch of the dungeon, and saw 3 of its levels.

You collected 161 gold pieces.

Inventory:

Hand Weapons
 a - a +0 falchion (weapon)
Armour
 b - a +0 leather armour (worn)
Scrolls
 d - a scroll of poison {unknown}
 e - 3 scrolls of identify {unknown}
 h - 2 scrolls of teleportation {unknown}
 j - a scroll of magic mapping {unknown}
 k - a scroll of fear {unknown}
 l - a scroll of noise {unknown}
 m - 2 scrolls of blinking {unknown}
Potions
 c - 2 potions of flight {unknown}
 f - a potion of curing {unknown}
 g - a potion of lignification {unknown}
 i - a potion of heal wounds {unknown}
 n - a potion of attraction {unknown}


   Skills:
 - Level 2.0 Fighting
 - Level 5.0 Long Blades
 - Level 2.8 Dodging
 + Level 2.8 Spellcasting
 - Level 4.0 Conjurations


You had 2 spell levels left.
You knew the following spells:

 Your Spells              Type           Power      Damage    Failure   Level
a - Kiss of Death         Conj/Necr      32%        2d7       11%         1
b - Momentum Strike       Conj/Tloc      16%        3d8       16%         2
c - Hailstorm             Conj/Ice       8%         3d4       32%         3

Your spell library contained the following spells:

 Spells                   Type           Power      Damage    Failure   Level
 Blink                    Tloc           4%         N/A       36%         2
 Lesser Beckoning         Tloc           4%         N/A       58%         3
 Vhi's Electric Charge    Tloc/Air       4%         N/A       58%         3
 Arcjolt                  Conj/Air       4%         1d14      96%         5
 Maxwell's Capacitive Co  Air            1%         ∞         100%        8


Dungeon Overview and Level Annotations

Branches:
Dungeon (3/15)

Altars:


Innate Abilities, Weirdness & Mutations

You have a beak for a mouth.
You have claws for feet.


Message History

You are confused.
You bump into the rock wall.
Something hits you. Something hits you.
You bump into the stone wall.
Something hits you.
You bump into the stone wall.
You feel less confused. Something hits you but does no damage.
You hit something but do no damage. Your kick misses something.
You hear some strange, mumbled words.
You are confused.
You bump into the stone wall.
Something hits you.
You barely miss something. Something hits you.
You're too confused to move!
Something hits you.
You bump into the stone wall.
Something hits you but does no damage. Something barely misses you.
You barely miss something. Your kick misses something.
You feel less confused. Something barely misses you.
You closely miss something. Your kick misses something. You peck something.
Something hits you but does no damage.
You hit something. Something hits you.
Okay, then.
Casting: Momentum Strike (safe; 16% risk of failure)
Confirm with . or Enter, or press ? or * to list all spells.
Okay, then.
Casting: Momentum Strike (safe; 16% risk of failure)
Confirm with . or Enter, or press ? or * to list all spells.
Aiming: Momentum Strike (safe; 16% risk of failure)
Press: ? - help, Dir - move target The momentum dissipates harmlessly.
Something hits you but does no damage.
You miss something. Something hits you.
You hit something but do no damage. Something hits you.
You closely miss something. Something hits you but does no damage.
A magic dart appears from out of thin air!
The magic dart hits you.
* * * LOW HITPOINT WARNING * * *
A puff of flame appears from out of thin air!
The puff of flame hits you!
You die...

##..........##
##......###..#
#..........###
#........###
#.#...#### #.##.##
######.##.#####
#......##...#.#
#.#######@#.#.#####
..!## #.#
#............#
...#. #.#
#.####.#{##### ..
## #.# #.#
#.#.###### .. #.#
#.# #.#......##.#
#.# #(#
#.........#.# #.#
#.# #.######..#'#
#.# #.# #.# ##...#
#.####.# #.# #####


There were no monsters in sight!

Vanquished Creatures
  A gnoll (D:1)
  3 adders
  3 worms (D:2)
  2 dart slugs
  3 ball pythons
  4 endoplasms
  5 giant cockroaches
  4 hobgoblins
  4 jackals (D:1)
  8 kobolds
  7 bats
  3 goblins
  5 rats
52 creatures vanquished.

Notes
Turn   | Place    | Note
-------+----------+-------------------------------------------
     0 | D:1      | Leeroy the Tengu Reaver began the quest for the Orb.
     0 | D:1      | Reached XP level 1. HP: 12/12 MP: 4/4
    72 | D:1      | Reached XP level 2. HP: 17/17 MP: 6/6
   194 | D:1      | Reached skill level 4 in Long Blades
   457 | D:1      | Reached XP level 3. HP: 21/21 MP: 7/7
   769 | D:2      | Learned a level 2 spell: Momentum Strike
   773 | D:2      | Learned a level 3 spell: Hailstorm
   863 | D:2      | Reached XP level 4. HP: 16/26 MP: 3/8
   865 | D:2      | Reached skill level 5 in Long Blades
  2039 | D:3      | Killed from afar by an orc wizard

Illustrated notes

Levels and vault maps discovered:
D:1:      saegor_arrival_simple_b, layout_basic
D:2:      layout_basic
D:3:      layout_loops_ring, minmay_overflow_temple_star_quad

Skill      XL: |  1  2  3  4 |
---------------+-------------+-----
Long Blades    | 4 5 |  5.0
Fighting       | |  2.0
Dodging        | |  2.8
Spellcasting   | |  2.8
Conjurations   | |  4.0

Action                   |  1- 3 |  4- 6 || total
-------------------------+-------+-------++-------
Melee: Falchion          |    83 |    53 ||   136
       Peck              |    11 |     9 ||    20
       Kick              |    10 |     9 ||    19
 Cast: Momentum Strike   |     2 |     4 ||     6
Armor: Leather armour    |    26 |    24 ||    50
Dodge: Dodged            |    69 |    37 ||   106

Table legend: (Time is in decaauts)
 A = Elapsed time spent in this place.
 B = Non-inter-level travel time spent in this place.
 C = Inter-level travel time spent in this place.
 D = Time resting spent in this place.
 E = Time spent auto-exploring this place.
 F = Levels seen in this place.
 G = Mean time per level.
                   A        B        C        D        E       F      G
               +--------+--------+--------+--------+--------+-----+--------+
         Total |   2049 |   2007 |     42 |      0 |   1583 |   3 |  683.0 |
       Dungeon |   2049 |   2007 |     42 |      0 |   1583 |   3 |  683.0 |
               +--------+--------+--------+--------+--------+-----+--------+

Top non-repeatable levels by time:
     D:2: 755 daAuts
     D:3: 694 daAuts
     D:1: 599 daAuts
